 Dungeon Crawl Stone Soup version 0.17-a0-2055-gb4e23be (webtiles) character file.

996 radek the Covered (level 7, 0/56 HPs)
             Began as a Demonspawn Berserker on Oct 11, 2015.
             Was an Elder of Trog.
             Slain by an ogre
             ... wielding a +0 giant spiked club
              (22 damage)
             ... on level 5 of the Dungeon.
             The game lasted 00:23:59 (5333 turns).

radek the Covered (Demonspawn Berserker)            Turns: 5333, Time: 00:24:01

Health: 0/56       AC: 11    Str: 19    XL:     7   Next: 99%
Magic:  7/7        EV:  9    Int:  9    God:    Trog [****..]
Gold:   206        SH:  0    Dex: 12    Spells: 0 memorised, 6 levels left

rFire  . . .     SeeInvis .     S - +0 glaive
rCold  . . .     Clarity  .     f - +0 chain mail
rNeg   . . .     SustAt   .     (no shield)
rPois  .         Gourm    .     (helmet restricted)
rElec  .         Spirit   .     (no cloak)
rCorr  .         Warding  .     (no gloves)
rMut   .         Stasis   .     p - +0 pair of boots
MR     .....                    (no amulet)
Stlth  ..........               (no ring)
                                (no ring)

@: not resistant to hostile enchantments, extremely unstealthy
A: antennae 1, spiny 2
a: Burn Spellbooks, Berserk, Trog's Hand, Brothers in Arms, Renounce Religion


You were on level 5 of the Dungeon.
You worshipped Trog.
Trog was greatly pleased with you.
You were not hungry.

You visited 1 branch of the dungeon, and saw 6 of its levels.

You collected 206 gold pieces.

Inventory:

Hand Weapons
 a - a +0 falchion
 h - a +0 flail
 l - a +0 flail
 o - a +0 flail
 s - a +0 falchion
 t - a +0 trident
 w - a +1 hand axe of freezing
 x - a +0 hand axe
 y - a +0 hand axe
 F - a +0 flail of protection
 K - a +0 giant spiked club
 L - a +0 falchion
 M - a +0 vampiric whip
 S - a +0 glaive (weapon)
Missiles
 O - 5 tomahawks (quivered)
 Q - 8 javelins
Armour
 b - a +0 animal skin
 f - a +0 chain mail (worn)
 i - a +0 ring mail
 p - a +0 pair of boots (worn)
 r - a +0 ring mail
 A - a +0 chain mail
 B - a +0 scale mail
 I - a +0 scale mail
 J - a +0 ring mail
 N - a +0 chain mail
 R - a +0 chain mail
Wands
 n - a wand of frost (24)
Scrolls
 d - 3 scrolls of teleportation {unknown}
 j - 2 scrolls of random uselessness {unknown}
 k - 4 scrolls of identify {unknown}
 q - a scroll of noise {unknown}
 v - 2 scrolls of recharging {unknown}
 D - a scroll of immolation {unknown}
 H - 2 scrolls of enchant weapon {unknown}
 T - a scroll of remove curse {unknown}
 U - a scroll of amnesia {unknown}
Potions
 e - a potion of degeneration {unknown}
 m - a potion of heal wounds {unknown}
 u - a potion of mutation {unknown}
 z - 3 potions of curing {unknown}
 C - a potion of lignification {unknown}
 G - a potion of berserk rage {unknown}
 P - 2 potions of might {unknown}
Comestibles
 c - 5 bread rations
 g - 2 meat rations


   Skills:
 + Level 5.0 Fighting
 + Level 3.9 Long Blades
 + Level 2.0(2.1) Axes
 + Level 1.1(1.7) Maces & Flails
 + Level 1.5 Throwing
 + Level 5.1 Armour
 + Level 4.0 Dodging


You had 6 spell levels left.
You didn't know any spells.

Dungeon Overview and Level Annotations

Branches:
Dungeon (6/15)
 Temple: D:4-7

Altars:
Okawaru
Qazlal
Ru
Sif Muna


Innate Abilities, Weirdness & Mutations

You have a pair of small antennae on your head.
You are mostly covered in sharp spines.


Message History

HP restored.
You climb downwards.
The ogre is struck by your spines.
The ogre hits you with a giant spiked club!
The orc throws a tomahawk.
The tomahawk barely misses you.
The tomahawk barely misses the ogre.
There is a stone staircase leading up here.
You see here 2 tomahawks.
The orc wizard barely misses you. The ogre is struck by your spines.
The ogre hits you with a giant spiked club!!
The quokka bites you.
You climb upwards.
There is a stone staircase leading down here.
You miss the orc wizard.
The orc wizard hits you but does no damage.
The quokka is struck by your spines.
You kill the quokka!
Trog accepts your kill. The ogre is struck by your spines.
The ogre hits you with a giant spiked club!!
You die...

#...#.###.............## ##..
#...#.##...............## ##..
....####...<............## ##...
_.###....................####..##
....#...........................#
#...#.##....................#...#
#...#.###......#...........###...
####'.# #....###o..........# ##..
......###..#####@..........# ##.
###...##....###O†..........# ##.
##..>.............###....####.. #
##.......................##...
#####.....#...#.#...#.......#...#
..##.......#.#...#.#...........##
........#...#.....#...#.......##
.........#..#.....#..#....##...##
......#...###.....###...#.###...#


You could see an ogre and an orc wizard.

Vanquished Creatures
  Edmund (D:4)
  A phantom (D:4)
  An ogre (D:4)
  A giant frog (D:5)
  A scorpion (D:5)
  A crimson imp (D:5)
  A hound (D:4)
  5 orc wizards (D:5)
  A hound skeleton (D:4)
  A hound zombie (D:5)
  Robin (D:4)
  13 adders
  8 gnolls
  A river rat (D:3)
  2 shadow imps (D:5)
  An ooze (D:3)
  An adder skeleton (D:4)
  An adder zombie (D:5)
  7 worms
  5 giant geckos
  12 orcs
  3 giant cockroaches
  14 goblins
  10 hobgoblins
  A jackal (D:3)
  7 kobolds
  2 ball pythons
  13 bats
  A giant newt (D:1)
  5 quokkas
  A quokka skeleton (D:5)
  15 rats
138 creatures vanquished.

Notes
Turn   | Place    | Note
--------------------------------------------------------------
     0 | D:1      | radek the Demonspawn Berserker began the quest for the Orb.
     0 | D:1      | Reached XP level 1. HP: 18/18 MP: 1/1
   489 | D:1      | Gained mutation: You are partially covered in sharp spines. [demonic ancestry]
   489 | D:1      | Reached XP level 2. HP: 22/24 MP: 2/2
  1219 | D:2      | Gained mutation: You are mostly covered in sharp spines. [demonic ancestry]
  1219 | D:2      | Reached XP level 3. HP: 22/29 MP: 3/3
  1513 | D:2      | Gained mutation: You have a pair of small antennae on your head. [demonic ancestry]
  1513 | D:2      | Reached XP level 4. HP: 20/37 MP: 4/4
  1845 | D:2      | Acquired Trog's second power
  2051 | D:2      | Found a deep blue altar of Sif Muna.
  2051 | D:2      | Found a stormy altar of Qazlal.
  2052 | D:2      | Found an iron altar of Okawaru.
  2476 | D:3      | Reached XP level 5. HP: 39/42 MP: 5/5
  2662 | D:3      | Reached skill level 4 in Fighting
  2994 | D:3      | Found a glowing drain.
  3392 | D:4      | Noticed Robin
  3402 | D:4      | Killed Robin
  3508 | D:4      | Reached XP level 6. HP: 47/49 MP: 6/6
  3666 | D:4      | Noticed Edmund
  3682 | D:4      | Killed Edmund
  3682 | D:4      | Reached skill level 1 in Axes
  3756 | D:4      | Noticed a phantom
  3779 | D:4      | Killed a phantom
  3779 | D:4      | Reached XP level 7. HP: 41/55 MP: 7/7
  3784 | D:4      | Noticed an ogre
  3795 | D:4      | Killed an ogre
  4191 | D:5      | Entered Level 5 of the Dungeon
  4398 | D:5      | Acquired Trog's third power
  4420 | D:5      | Found a sacrificial altar of Ru.
  4441 | D:5      | Reached skill level 1 in Throwing
  4632 | D:5      | Reached skill level 1 in Maces & Flails
  4632 | D:5      | Reached skill level 5 in Armour
  5059 | D:5      | Reached skill level 5 in Fighting
  5333 | D:5      | Slain by an ogre

Vault maps used:
D:1:      dpeg_arrival_pond
D:2:      gammafunk_temple_overflow_claw, first_bread
D:3:      gup_sewer_entry_spiral
D:4:      uniq_robin, uniq_edmund
D:5:      minmay_splitting_lines, nicolae_ru_great_annihilating_truth

Action                   |  1- 3 |  4- 6 |  7- 9 || total
-------------------------+-------+-------+-------++-------
Melee: Falchion          |    61 |    49 |       ||   110
       Hand axe          |       |    72 |       ||    72
       Flail             |       |     7 |    61 ||    68
       Glaive            |       |       |     4 ||     4
Throw: Tomahawk          |       |     9 |     9 ||    18
Invok: Berserk           |       |     2 |       ||     2
 Stab: Paralysed         |       |       |     1 ||     1
  Eat: Chunk             |     2 |     8 |       ||    10
       Pizza             |       |     1 |       ||     1
       Meat ration       |       |       |     1 ||     1
